 Dungeon Crawl Stone Soup version 0.29.1-13-g9f3cf754e1 (webtiles) character file.

Game seed: 6191278419016035554

286 cheesebisquit the Skirmisher (level 6, 0/50 HPs)
             Began as a Minotaur Hunter on Jan 30, 2023.
             Slain by Pikel
             ... wielding a +2 whip of freezing
              (1 damage)
             ... on level 4 of the Dungeon.
             The game lasted 00:09:23 (3955 turns).

cheesebisquit the Skirmisher (Minotaur Hunter)      Turns: 3955, Time: 00:09:23

Health: 0/50       AC:  4    Str: 16    XL:     6   Next: 8%
Magic:  5/5        EV: 12    Int:  6    God:
Gold:   137        SH:  0    Dex: 15    Spells: 5/5 levels left

rFire   . . .      SeeInvis .   a - +0 shortbow
rCold   . . .      Faith    .   (shield currently unavailable)
rNeg    . . .      Spirit   .   c - +0 leather armour
rPois   .          Reflect  .   (helmet restricted)
rElec   .          Harm     .   u - +0 cloak
rCorr   .          Rampage  .   (no gloves)
Will    .....                   (no boots)
Stlth   +.........              g - amulet of the acrobat
HPRegen 0.16/turn               q - ring of flight
MPRegen 0.09/turn               (no ring)

@: flying, hasted, very quick
A: horns 2, retaliatory headbutt
a: no special abilities


You were on level 4 of the Dungeon.
You visited 1 branch of the dungeon, and saw 4 of its levels.

You collected 137 gold pieces.

Inventory:

Hand Weapons
 a - a +0 shortbow (weapon)
Missiles
 p - 2 throwing nets
Armour
 c - a +0 leather armour (worn)
 m - a +0 scale mail
 t - a +0 buckler
 u - a +0 cloak (worn)
Jewellery
 g - an amulet of the acrobat (around neck)
 q - a ring of flight (left hand)
Wands
 f - a wand of mindburst (12)
Scrolls
 b - 4 scrolls of immolation
 j - a scroll of vulnerability {unknown}
 o - a scroll of poison
 s - a scroll of enchant weapon {unknown}
 v - a scroll of teleportation {unknown}
Potions
 k - 2 potions of magic
 l - 2 potions of flight


   Skills:
 - Level 2.4 Fighting
 + Level 8.1 Ranged Weapons
 - Level 2.1 Dodging
 - Level 0.7 Stealth


You had 5 spell levels left.
You didn't know any spells.
Your spell library contained the following spells:

 Spells                   Type           Power      Damage    Failure   Level
 Ensorcelled Hibernation  Hex/Ice        0%         N/A       67%         2
 Passwall                 Tmut/Erth      0%         N/A       67%         2
 Spider Form              Tmut/Pois      0%         N/A       88%         3
 Swiftness                Air            0%         N/A       88%         3
 Anguish                  Hex/Necr       0%         N/A       99%         4


Dungeon Overview and Level Annotations

Branches:
Dungeon (4/15)
 Temple: D:4-7

Altars:
Xom

Annotations:
D:2 1 runed translucent door, Crazy Yiuf
D:4 Pikel, Sigmund


Innate Abilities, Weirdness & Mutations

You have a pair of horns on your head.
You reflexively headbutt those who attack you in melee.


Message History

The arrow hits Pikel but does no damage.
Pikel hits you with a +2 whip of freezing!
Pikel freezes you. Pikel closely misses you.
You feel yourself speed up. Pikel misses you.
Fire: a) +0 shortbow
Press: ? - help, Q - select action, (/) - cycle Shift-Dir - straight line, f/p - Pikel
Aim: Pikel, wielding a +2 whip of freezing and wearing a +0 robe (58% to hit)
You shoot an arrow. The arrow closely misses Pikel.
The arrow hits the lemure but does no damage.
The lemure is heavily wounded.
Fire: a) +0 shortbow
Press: ? - help, Q - select action, (/) - cycle Shift-Dir - straight line, f/p - Pikel
Aim: Pikel, wielding a +2 whip of freezing and wearing a +0 robe (58% to hit)
You shoot an arrow. The arrow hits Pikel.
Pikel is lightly wounded.
Pikel hits you with a +2 whip of freezing!
* * * LOW HITPOINT WARNING * * *
Pikel freezes you.
* * * LOW HITPOINT WARNING * * *
Fire: a) +0 shortbow
Press: ? - help, Q - select action, (/) - cycle Shift-Dir - straight line, f/p - Pikel
Aim: Pikel, wielding a +2 whip of freezing and wearing a +0 robe (lightly wounded, 58% to hit)
You shoot an arrow.
The arrow hits Pikel but does no damage.
Pikel is lightly wounded.
Pikel hits you with a +2 whip of freezing.
* * * LOW HITPOINT WARNING * * *
Pikel freezes you.
* * * LOW HITPOINT WARNING * * *
As you read the scroll labelled FIEV TINOL, it crumbles to dust.
Your body is wracked with pain!
* * * LOW HITPOINT WARNING * * *
Pikel convulses!
It was a scroll of torment.
As you read the scroll labelled JEAZEOMIXT, it crumbles to dust.
You hear the tinkle of a tiny bell.
It was a scroll of butterflies.
Pikel cracks his whip.
Pikel hits you with a +2 whip of freezing.
* * * LOW HITPOINT WARNING * * *
Pikel freezes you.
You die...

..
...########
..5555K@bb#
...######b#
#.# #.# #.#
#.# #.#
.######.#
........#


You could see Pikel (ally target) and 4 lemures.

Vanquished Creatures
  An ice beast (D:4)
  Terence (D:2)
  Robin (D:2)
  6 adders
  6 worms
  3 dart slugs
  4 orcs
  2 endoplasms
  5 giant cockroaches
  14 goblins
  4 hobgoblins
  3 jackals (D:3)
  5 kobolds
  2 quokkas
  8 ball pythons
  5 bats
  2 frilled lizards (D:2)
  9 rats
81 creatures vanquished.

Vanquished Creatures (others)
  4 fungi (D:2)
  7 plants (D:2)
11 creatures vanquished.

Grand Total: 92 creatures vanquished

Notes
Turn   | Place    | Note
-------+----------+-------------------------------------------
     0 | D:1      | cheesebisquit the Minotaur Hunter began the quest for the
                  | Orb.
     0 | D:1      | Reached XP level 1. HP: 18/18 MP: 0/0
   411 | D:1      | Reached XP level 2. HP: 20/25 MP: 1/1
   794 | D:1      | Reached skill level 5 in Ranged Weapons
   869 | D:2      | Noticed Robin
  1069 | D:2      | Killed Robin
  1070 | D:2      | Reached XP level 3. HP: 25/30 MP: 2/2
  1270 | D:2      | Found a faded altar of an unknown god.
  1343 | D:2      | Noticed Terence
  1349 | D:2      | Killed Terence
  1350 | D:2      | Reached skill level 6 in Ranged Weapons
  1350 | D:2      | Reached XP level 4. HP: 22/37 MP: 3/3
  2204 | D:2      | Found a runed translucent door.
  2205 | D:2      | Noticed Crazy Yiuf
  2330 | D:3      | Reached skill level 7 in Ranged Weapons
  2330 | D:3      | Reached XP level 5. HP: 42/42 MP: 4/4
  2600 | D:3      | Found a shimmering altar of Xom.
  3410 | D:4      | Noticed Sigmund
  3895 | D:4      | Noticed an ice beast
  3912 | D:4      | Killed an ice beast
  3913 | D:4      | Reached skill level 8 in Ranged Weapons
  3913 | D:4      | Reached XP level 6. HP: 50/50 MP: 5/5
  3935 | D:4      | Noticed Pikel
  3955 | D:4      | HP: 1/50 [Pikel/+2 whip of freezing (4)]
  3955 | D:4      | Slain by Pikel

Illustrated notes

Levels and vault maps discovered:
D:1:      lightli_arrival_lavapool, layout_basic,
          amcnicky_mini_corridor_feature, corexii_item_surrounded_by_moat
D:2:      layout_basic, shapermc_ecumenical_altar_mp_ritualfount,
          minmay_circle_x, uniq_robin, uniq_crazy_yiuf_cottage, uniq_terence
D:3:      layout_loops_corners, mainiacjoe_overflow_paths, grunt_decor_fettered
D:4:      layout_basic, cheibrodos_sewer_entry_drain, uniq_sigmund,
          uniq_duvessa, uniq_blork_the_orc, uniq_pikel

Skill      XL: |  1  2  3  4  5 |
---------------+----------------+-----
Ranged Weapons | 5 6 7 8 |  8.1
Fighting       | |  2.4
Dodging        | |  2.1
Stealth        | |  0.7

Action                   |  1- 3 |  4- 6 || total
-------------------------+-------+-------++-------
 Fire: Shortbow          |    80 |   178 ||   258
  Use: Potion            |       |     6 ||     6
       Scroll            |       |     7 ||     7
Armor: Leather armour    |     5 |    18 ||    23
Dodge: Dodged            |    19 |    72 ||    91
